 Dungeon Sprint DCSS version 0.21.1-1-g345015f (webtiles) character file.

44 wilfster70 the Slasher (level 3, -1/28 HPs)
             Began as a Gnoll Wanderer on June 6, 2018.
             Was a Follower of Cheibriados.
             Slain by an air elemental (4 damage)
             ... in the Dungeon (Sprint V: "Ziggurat Sprint").
             The game lasted 00:04:52 (160 turns).

wilfster70 the Slasher (Gnoll Wanderer)              Turns: 160, Time: 00:04:53

Health: -1/28      AC: 21    Str: 26    XL:     3   Next: 62%
Magic:  10/10      EV: -1    Int: 17    God:    Cheibriados [*.....]
Gold:   0          SH: 28    Dex: 18    Spells: 13/13 levels left

rFire    + + .     SeeInvis .   d - +8 lance "Wyrmbane" {slay drac, rPois rF+ rC+ AC+3}
rCold    + + .     Gourm    .   h - +18 shield of the Gong {rElec rN+ MR+ EV-5}
rNeg     + . .     Faith    .   c - +5 gold dragon scales
rPois    +         Spirit   .   (no helmet)
rElec    +         Reflect  .   (no cloak)
rCorr    .         Harm     .   (no gloves)
MR       +....     NoTele   +   (no boots)
Stlth    ..........             (no amulet)
HPRegen  0.09/turn              E - +6 ring of strength
MPRegen  0.12/turn              F - +6 ring of strength

@: flying (expiring), very slow
A: distributed training, fangs 1, strong nose
a: Bend Time, Renounce Religion


You were in the Dungeon.
You worshipped Cheibriados.
Cheibriados was aware of your devotion.
You were not hungry.

You visited 1 branch

Inventory:

Hand Weapons
 d - the +8 lance "Wyrmbane" (weapon) {slay drac, rPois rF+ rC+ AC+3}
   (You found it in the Dungeon)

   It affects your AC (+3).
   It protects you from fire.
   It protects you from cold.
   It protects you from poison.
Armour
 c - +5 gold dragon scales (worn)
 h - the +18 shield of the Gong (worn) {rElec rN+ MR+ EV-5}
   (You found it in the Dungeon)

   It affects your evasion (-5).
   It insulates you from electricity.
   It protects you from negative energy.
   It affects your resistance to hostile enchantments.
Magical Staves
 G - an uncursed staff of energy
Jewellery
 A - a +6 ring of dexterity
 B - a +6 ring of dexterity
 C - a +6 ring of intelligence
 D - a +6 ring of intelligence
 E - a +6 ring of strength (left hand)
 F - a +6 ring of strength (right hand)
Wands
 x - a wand of disintegration (7)
 y - a wand of iceblast (7)
 z - a wand of acid (7)
Scrolls
 k - 4 scrolls of blinking
 r - 4 scrolls of amnesia
 s - 7 scrolls of fog
 t - a scroll of holy word
 u - 5 scrolls of identify
 v - 5 scrolls of remove curse
 w - 2 scrolls of fear
Potions
 e - 10 potions of curing
 g - 10 potions of heal wounds
 i - 7 potions of magic
 l - 2 potions of brilliance
 m - 2 potions of invisibility
 n - 4 potions of resistance
 p - 5 potions of agility
 q - 5 potions of might
Books
 a - a book of Changes

   Spells                             Type                      Level
   a - Beastly Appendage              Transmutation                1
   b - Sticks to Snakes               Transmutation                2
   c - Spider Form                    Transmutation/Poison         3
   d - Ice Form                       Ice/Transmutation            4
   e - Blade Hands                    Transmutation                5
 b - Vehumet's Tome of Combat Magic

   Spells                             Type                      Level
   a - Sting                          Conjuration/Poison           1
   b - Stone Arrow                    Conjuration/Earth            3
Comestibles
 f - 7 rations


   Skills:
 + Level 2.8 Fighting
 + Level 2.8 Short Blades
 + Level 7.2 Long Blades
 + Level 2.8 Axes
 + Level 2.8 Maces & Flails
 + Level 2.8 Polearms
 + Level 2.8 Staves
 + Level 2.8 Slings
 + Level 2.8 Bows
 + Level 2.8 Crossbows
 + Level 5.4 Throwing
 + Level 2.8 Armour
 + Level 2.8 Dodging
 + Level 2.8 Stealth
 + Level 2.8 Shields
 + Level 2.8 Unarmed Combat
 + Level 5.8 Spellcasting
 + Level 2.3 Conjurations
 + Level 2.3 Hexes
 + Level 2.3 Charms
 + Level 2.3 Summonings
 + Level 2.3 Necromancy
 + Level 2.3 Translocations
 + Level 5.9 Transmutations
 + Level 2.3 Fire Magic
 + Level 2.3 Ice Magic
 + Level 2.3 Air Magic
 + Level 2.3 Earth Magic
 + Level 2.3 Poison Magic
 + Level 3.1 Invocations
 + Level 2.8 Evocations


You had 13 spell levels left.
You didn't know any spells.

Dungeon Overview and Level Annotations

Branches:
Dungeon (1/1)

Altars:
Ashenzari
Cheibriados
Dithmenos
Elyvilon
Fedhas
Gozag
Hepliaklqana
Kikubaaqudgha
Makhleb
Nemelex Xobeh
Okawaru
Qazlal
Ru
Sif Muna
Trog
Uskayaw
Vehumet
Wu Jian
Xom
Yredelemnul
Zin
The Shining One
Beogh
Jiyva
Lugonu

Annotations:
D 1 transporter


Innate Abilities, Weirdness & Mutations

Your experience applies equally to all skills.
You have very sharp teeth.
Your uncanny sense of smell can sniff out nearby items.


Message History

SHROANNG!
You block the air elemental's attack.
BONNNG!
You block the air elemental's attack.
PTOANNNG!
The air elemental hits you but does no damage.
You block the air elemental's attack.
BONNNG!
You puncture the air elemental! Your bite misses the air elemental.
The air elemental is heavily damaged.
You are engulfed in raging winds.
The insubstantial wisp is destroyed!
The winds around the air elemental start to calm down.
* * * LOW HITPOINT WARNING * * *
You block the air elemental's attack.
GONNNNG!
You block the air elemental's attack.
GONNNNG!
The air elemental hits you.
You die...

▓▓▓▓▓▓▓▓▓▓▓▓▓
▓.8§8§▓.8©8.▓
∆∆∆
▓§§§§§▓.....▓
∆
▓§§§@§▓...!.▓
▓§§EE§▓.....▓
▓§§§§§▓....)▓
▓§§§§§▓..©..▓
▓.§§§§▓▓▓▓▓▓▓
▓▓▓▓▓▓▓ ∆∆∆
∆∆∆ ∆ ∆ ∆


You could see 2 air elementals.

Vanquished Creatures
  A crimson imp (D)
  A white imp (D)
2 creatures vanquished.

Vanquished Creatures (others)
  An insubstantial wisp (D)
1 creature vanquished.

Grand Total: 3 creatures vanquished

Notes
Turn   | Place    | Note
-------+----------+-------------------------------------------
     0 | D        | Found the +6 Majin-Bo {vamp, Archmagi MP+6 Int+6}
     0 | D        | Found the +7 great mace "Firestarter" {inner flame, rF++}
     0 | D        | wilfster70 the Gnoll Wanderer began the quest for the Orb.
     0 | D        | wilfster70 set off with: a book of Changes, Vehumet's Tome of Combat Magic, a +0 falchion, a +0 robe, a potion of curing, a ration, a potion of heal wounds, a potion of haste, 2 potions of magic, a potion of berserk rage, a scroll of blinking
     0 | D        | Reached XP level 1. HP: 13/13 MP: 6/6
     2 | D        | Found a deep blue altar of Sif Muna.
     2 | D        | Found a sacrificial altar of Ru.
     2 | D        | Found a bloodstained altar of Trog.
     2 | D        | Found a stormy altar of Qazlal.
     2 | D        | Found an iron altar of Okawaru.
     2 | D        | Found a sparkling altar of Nemelex Xobeh.
     2 | D        | Found a blossoming altar of Fedhas.
     4 | D        | Found a transporter.
     4 | D        | Found an ancient bone altar of Kikubaaqudgha.
     4 | D        | Found a viscous altar of Jiyva.
     4 | D        | Found a corrupted altar of Lugonu.
     4 | D        | Found a hazy altar of Hepliaklqana.
     4 | D        | Found a burning altar of Makhleb.
     4 | D        | Found an opulent altar of Gozag.
    48 | D        | Became a worshipper of Cheibriados the Contemplative
    62 | D        | Reached skill level 7 in Long Blades
    62 | D        | Reached skill level 5 in Throwing
    62 | D        | Reached skill level 5 in Spellcasting
    62 | D        | Reached skill level 1 in Conjurations
    62 | D        | Reached skill level 1 in Hexes
    62 | D        | Reached skill level 1 in Charms
    62 | D        | Reached skill level 1 in Summonings
    62 | D        | Reached skill level 1 in Necromancy
    62 | D        | Reached skill level 1 in Translocations
    62 | D        | Reached skill level 1 in Fire Magic
    62 | D        | Reached skill level 1 in Ice Magic
    62 | D        | Reached skill level 1 in Air Magic
    62 | D        | Reached skill level 1 in Earth Magic
    62 | D        | Reached skill level 1 in Poison Magic
    62 | D        | Reached XP level 2. HP: 22/22 MP: 6/8
    67 | D        | Found the +6 shillelagh "Devastator" {shatter}
    67 | D        | Found the +11 plutonium sword {*Contam Stlth-}
    67 | D        | Found the +8 lance "Wyrmbane" {slay drac, rPois rF+ rC+ AC+3}
    67 | D        | Found the +9 sword of Zonguldrok {reap}
    67 | D        | Found the cursed +13 scythe of Curses {drain, *Curse}
    67 | D        | Found the +0 sword of Power
    67 | D        | Found the +3 mace of Variability {chaos}
    67 | D        | Found the +7 Singing Sword
    67 | D        | Found the +7 longbow "Piercer" {penet, EV-2}
    68 | D        | Found the +9 heavy crossbow "Sniper" {velocity, Acc+∞ SInv}
    68 | D        | Found the +10 dark maul {crush}
    68 | D        | Found the +15 Maxwell's patent armour {-Cast -Tele rElec MR+ rCorr}
    68 | D        | Found the +18 shield of the Gong {rElec rN+ MR+ EV-5}
    68 | D        | Found the cursed +14 obsidian axe {chop, +Fly SInv *Curse}
   121 | D        | Entered arena 2.
   121 | D        | Noticed a crimson imp
   121 | D        | Found a transporter.
   132 | D        | Killed a crimson imp
   132 | D        | Reached * piety under Cheibriados
   132 | D        | Reached XP level 3. HP: 25/28 MP: 10/10
   157 | D        | Entered arena 3.
   157 | D        | Noticed an insubstantial wisp
   157 | D        | Noticed an air elemental
   157 | D        | Noticed an air elemental
   157 | D        | Found a transporter.
   160 | D        | Killed an insubstantial wisp
   160 | D        | Slain by an air elemental

Skill      XL: |  1  2 |
---------------+-------+-----
Fighting       | 2 |  2.8
Short Blades   | 2 |  2.8
Long Blades    | 7 |  7.2
Axes           | 2 |  2.8
Maces & Flails | 2 |  2.8
Polearms       | 2 |  2.8
Staves         | 2 |  2.8
Slings         | 2 |  2.8
Bows           | 2 |  2.8
Crossbows      | 2 |  2.8
Throwing       | 5 |  5.4
Armour         | 2 |  2.8
Dodging        | 2 |  2.8
Stealth        | 2 |  2.8
Shields        | 2 |  2.8
Unarmed Combat | 2 |  2.8
Spellcasting   | 5 |  5.8
Conjurations   | 1 2 |  2.3
Hexes          | 1 2 |  2.3
Charms         | 1 2 |  2.3
Summonings     | 1 2 |  2.3
Necromancy     | 1 2 |  2.3
Translocations | 1 2 |  2.3
Fire Magic     | 1 2 |  2.3
Ice Magic      | 1 2 |  2.3
Air Magic      | 1 2 |  2.3
Earth Magic    | 1 2 |  2.3
Poison Magic   | 1 2 |  2.3
Invocations    | 2 3 |  3.1
Evocations     | 2 |  2.8
Transmutations | |  5.9

Action                   || total
-------------------------++-------
Melee: Lance             ||    11
       Bite              ||     2
  Use: Potion            ||     1
Armor: Gold dragon scale ||     9
Block: Shield            ||    15
